[Event "Late-Titled-Tuesday-Blitz-September-05-2023"]
[Site "Chess.com"]
[Date "2023.09.05"]
[Round "1"]
[White "buenamor1972"]
[Black "SRob2003"]
[Result "0-1"]
[WhiteElo "2345"]
[BlackElo "2653"]
[TimeControl "180+1"]
[EndTime "14:07:44 PDT"]
[Termination "SRob2003 won on time"]

1. Nf3 d5 2. g3 Bg4 3. Bg2 Nd7 4. h3 Bh5 5. d3 c6 6. O-O e5 7.
Nbd2 Ngf6 8. e4 dxe4 9. dxe4 Bc5 10. Qe2 O-O 11. a4 Qc7 12. Nb3 Be7 13. g4 Bg6 14.
Nh4 Rfe8 15. Nf5 Nf8 16. Rd1 Ne6 17. Be3 Nf4 18. Qc4 Bf8 19. Bf1 Red8 20. a5 b5 21.
axb6 axb6 22. Rxd8 Rxd8 23. f3 b5 24. Qc3 Bxf5 25. gxf5 N6h5 26. Kh2 Qd6 27. Qc5 Qf6 28. Qb6 Qg5 29. Bf2 Nf6 30. Qe3 Qh5 31. Bg3 c5 32. Bxf4 exf4 33. Qe2 c4 34. Nc1 Qg5 35. Qg2 Qh4 36. Ne2 Rd2 37. Kg1 Nh5 38. Qg4 Qxg4+ 39. hxg4 Bc5+ 40. Kh1 Ng3+ 41. Nxg3 fxg3 42. Ra8+ Bf8 0-1

[Event "Late-Titled-Tuesday-Blitz-September-05-2023"]
[Site "Chess.com"]
[Date "2023.09.05"]
[Round "1"]
[White "Goryachkina"]
[Black "AsaHoffmann"]
[Result "1/2-1/2"]
[WhiteElo "2664"]
[BlackElo "2374"]
[TimeControl "180+1"]
[EndTime "14:07:45 PDT"]
[Termination "Game drawn by repetition"]

1. e4 d6 2. d4 Nf6 3. Nc3 c6 4. a4 Qa5 5. Bd3 e5 6. Ne2 Be7 7. O-O O-O 8. h3 Nbd7 9. Be3 Re8 10. Qd2 Bf8 11. Rad1 Qc7 12. Ng3 g6 13. Bc4 Nb6 14.
Bb3 Be6 15. Bxe6 Rxe6 16. b3 Rae8 17. a5 Nbd7 18. d5 cxd5 19. Nxd5 Nxd5 20. exd5 R6e7 21. Kh1 a6 22. c4 f5 23. f4 e4 24. Ne2 Bg7 25.
Rc1 Nc5 26. b4 Nb3 27. Qc2 Nxc1 28. Rxc1 Rc8 29. Qb3 Qd7 30. Kh2 Ree8 31. c5 dxc5 32. bxc5 Qb5 33. Qa2 Qd3 34. Bf2 e3 35. d6+ Kh8 36.
Bh4 Qd2 37. Qf7 Rf8 38. d7 Rcd8 39. Qe6 Qxd7 40. Qxe3 Rfe8 41. Qf3 Qd3 42. Bxd8 Qxf3 43.
gxf3 Rxd8 44. c6 Rc8 45. c7 Bf8 46. Kg3 Bd6 47. Nd4 Rxc7 48. Rb1 Bc5 49. Ne6 Rc6 50. Nxc5 Rxc5 51. Rxb7 Rxa5 52. Kh4 h6 53. Ra7 Ra3 54. Kg3 a5 55. Ra6 Kg7 56. Ra7+ Kf6 57. Ra6+ Kf7 58.
Ra7+ Kf8 59. Ra6 Kf7 60. Ra7+ Kf8 61. Ra6 Kf7 1/2-1/2

[Event "Late-Titled-Tuesday-Blitz-September-05-2023"]
[Site "Chess.com"]
[Date "2023.09.05"]
[Round "1"]
[White "Garmendiarov"]
[Black "Andrei_Skvortsov"]
[Result "0-1"]
[WhiteElo "2326"]
[BlackElo "2631"]
[TimeControl "180+1"]
[EndTime "14:07:45 PDT"]
[Termination "Andrei_Skvortsov won on time"]

1. e4 d5 2. exd5 Qxd5 3. Nc3 Qe5+ 4. Be2 Bg4 5. d4 Bxe2 6. Ngxe2 Qa5 7. Bf4 Nc6 8. Qd3 O-O-O 9. O-O Nf6 10. a3 Qh5 11. Qb5 Qxb5 12. Nxb5 Nd5 13. Bg3 a6 14. Nbc3 Nxc3 15.
bxc3 Na5 16. Rab1 e6 17. a4 Nc4 18. Rfe1 h5 19. h4 g6 20. Nc1 Rd5 21. Nd3 Ra5 22. Ra1 Bh6 23. Bf4 Bg7 24. Nc5 Rxc5 25.
dxc5 Bxc3 26. Bg5 f6 27. Bf4 e5 28. Be3 Rd8 29. Rad1 Bxe1 30. Rxe1 Nxe3 31. Rxe3 Rd4 32. g3 Kd7 33. Rb3 Kc6 34. Kg2 Rxa4 35. Kf3 f5 36.
Ke3 Rc4 37. c3 Rxc5 38. f4 e4 39. Kd4 b5 40. Ra3 Rd5+ 41. Ke3 Rd3+ 42. Kf2 Kb6 43. Ra1 a5 44. c4 b4 45. c5+ Kb5 46. c6 a4 47. Kg2 a3 48. Kf2 Ka4 49. Rc1 b3 50.
Rc4+ Kb5 51. Rc1 a2 0-1

[Event "Late-Titled-Tuesday-Blitz-September-05-2023"]
[Site "Chess.com"]
[Date "2023.09.05"]
[Round "1"]
[White "angryspacevoid"]
[Black "Godzillator"]
[Result "1/2-1/2"]
[WhiteElo "2596"]
[BlackElo "2318"]
[TimeControl "180+1"]
[EndTime "14:07:45 PDT"]
[Termination "Game drawn by repetition"]

1. e4 d5 2. exd5 Qxd5 3. Nc3 Qd6 4. d4 c6 5. Nf3 Bg4 6. h3 Bxf3 7. Qxf3 Nf6 8. Be3 e6 9. Bd3 Nbd7 10. O-O Qc7 11.
Rfe1 Bd6 12. Ne4 Nxe4 13. Qxe4 Nf6 14. Qh4 Be7 15. Bf4 Qb6 16. Be5 Nd7 17. Qg3 Nxe5 18.
dxe5 O-O 19. Rab1 Rfd8 20. a3 Rd4 21. Re3 Rad8 22. Rf3 Bf8 23. Qg5 g6 24. h4 Qc7 25.
h5 Be7 26. Qg3 Bh4 27. Qh2 Bg5 28. hxg6 fxg6 29. Re1 Rf8 30. Qh3 Rxf3 31. Qxf3 Rf4 32. Qg3 Bh6 33. b4 Qf7 34. f3 Rd4 35. Qf2 Rd5 36. Qxa7 Bf4 37. Bc4 Rxe5 38. Qb8+ Qf8 39. Bxe6+ Kg7 40. Qxb7+ Kh6 41. Rxe5 Bxe5 42. Qxc6 Bd4+ 43.
Kf1 Qf4 44. Qe4 Qc1+ 45. Ke2 Qg1 46. Qf4+ Kg7 47. Qf7+ Kh6 48. Qf8+ Kg5 49. Qe7+ Kh6 50. Qh4+ Kg7 51. Qe7+ Kh6 52. Qf8+ Kg5 53. f4+ Kh5 54. Bd5 Qe3+ 55. Kd1 Qg1+ 56. Kd2 Qe3+ 57. Kd1 Qg1+ 58. Ke2 Qe3+ 59. Kd1 1/2-1/2

[Event "Late-Titled-Tuesday-Blitz-September-05-2023"]
[Site "Chess.com"]
[Date "2023.09.05"]
[Round "1"]
[White "kingofthenil"]
[Black "NovikovaGalina"]
[Result "1-0"]
[WhiteElo "2771"]
[BlackElo "2414"]
[TimeControl "180+1"]
[EndTime "14:07:47 PDT"]
[Termination "kingofthenil won by checkmate"]

1. e4 e6 2. Nf3 d5 3. exd5 exd5 4. c4 d4 5. g3 Nc6 6. Bg2 Nf6 7. O-O Be7 8. d3 O-O 9. Re1 Bg4 10. h3 Bf5 11. Nh4 Be6 12. Rxe6 fxe6 13. Qe2 e5 14. Nd2 Bd6 15. Ne4 Qd7 16. Bd2 b6 17. Rf1 Ne7 18. Nxf6+ gxf6 19. Bh6 Rfe8 20. Qh5 Rad8 21. g4 Qe6 22.
Nf5 Qf7 23. Nxe7+ Qxe7 24. Qf5 Kh8 25. g5 Qe6 26. Qxe6 Rxe6 27. Bd5 Ree8 28. gxf6 Bf8 29. f7 Re7 30. Bg5 Red7 31. Bxd8 Rxd8 32. Re1 Bg7 33. f4 Bf6 34. fxe5 Be7 35. Re4 h5 36. Rf4 Kg7 37.
Rf5 Kg6 38. Be4 Kg7 39. e6 Rh8 40. Bf3 h4 41. Rf4 Bf6 42. Bd5 c5 43. Rg4+ Kf8 44. Kh1 Ke7 45. Rg8 a6 46. f8=Q# 1-0

[Event "Late-Titled-Tuesday-Blitz-September-05-2023"]
[Site "Chess.com"]
[Date "2023.09.05"]
[Round "1"]
[White "DefiantChair"]
[Black "jamengrand"]
[Result "1-0"]
[WhiteElo "2648"]
[BlackElo "2345"]
[TimeControl "180+1"]
[EndTime "14:07:47 PDT"]
[Termination "DefiantChair won by resignation"]

1. e4 c5 2. Nf3 Nc6 3. d4 cxd4 4. Nxd4 g6 5. c4 Bg7 6. Be3 Nf6 7. Nc3 O-O 8. Be2 d6 9. O-O Bd7 10. Qd2 Nxd4 11.
Bxd4 Bc6 12. f3 a5 13. Rfc1 Nd7 14. Be3 Be5 15. Rab1 f5 16. exf5 gxf5 17. f4 Bf6 18. Nb5 Nc5 19. Nd4 Be4 20. Ra1 e5 21. Nb5 Kh8 22.
Nxd6 exf4 23. Bxc5 Bc6 24. Qxf4 Qc7 25. Bd4 b6 26. Rf1 Rad8 27. Bxf6+ Rxf6 28. Nb5 Qg7 29. Bf3 Bxf3 30. Qxf3 f4 31. Nc3 Rg8 32. Rae1 Rg6 33. Rf2 Rg4 34. Nd5 Rf8 35. Qc3 Qxc3 36. Nxc3 f3 37.
g3 Rxc4 38. Ref1 b5 39. Nxb5 Rb8 40. Nc3 a4 41. a3 Rb3 42. Rxf3 Rxb2 43. Nd5 Rb8 44.
Rf8+ Rxf8 45. Rxf8+ Kg7 46. Rf3 Rc2 47. Nf4 Ra2 48.
Nh3 Rb2 49. Nf2 Rb3 50. Kg2 Rb2 51. Rf4 1-0

[Event "Late-Titled-Tuesday-Blitz-September-05-2023"]
[Site "Chess.com"]
[Date "2023.09.05"]
[Round "1"]
[White "antispeciesism"]
[Black "Kleyton_Lima"]
[Result "1/2-1/2"]
[WhiteElo "2049"]
[BlackElo "2508"]
[TimeControl "180+1"]
[EndTime "14:07:48 PDT"]
[Termination "Game drawn by repetition"]

1. d4 Nf6 2. c4 g6 3. Nc3 d5 4. cxd5 Nxd5 5. Bd2 Bg7 6. e4 Nxc3 7. Bxc3 O-O 8. Be2 c5 9. d5 Bxc3+ 10. bxc3 Qd6 11. Nf3 Nd7 12. O-O e6 13. Nd2 exd5 14.
Nc4 Qf6 15. exd5 Qxc3 16. Rc1 Qf6 17. Qb3 b6 18. Bf3 Bb7 19. a4 Rad8 20. a5 Ba6 21. Rfd1 Bxc4 22. Rxc4 Ne5 23. Rc3 Nxf3+ 24. Rxf3 Qd6 25.
axb6 axb6 26. h3 Rfe8 27. Qb2 c4 28. Rf6 Qc5 29. Qxb6 Rxd5 30. Rxd5 Qxd5 31. Qc6 Qd1+ 32. Kh2 Qe2 33. Rf4 Qe5 34. g3 c3 35. Rc4 Rb8 36. Rxc3 Rb2 37. Rc2 Rb1 38. Qc8+ Kg7 39. Qc3 Qxc3 40.
Rxc3 Rb2 41. Kg2 h5 42. h4 Kf6 43. Rc5 Kg7 44. Rc6 Rb3 45. Rc5 Ra3 46. Rb5 Rd3 47. Rc5 Rd6 48. Rb5 Kf6 49. Rc5 Ke6 50. Rb5 f6 51. Rc5 Rd5 52. Rc6+ Kf5 53. Rc4 g5 54. hxg5 fxg5 55. Ra4 Rd6 56. Rc4 Kg6 57. Ra4 Rf6 58. Ra5 Rf5 59. Ra6+ Rf6 60. Ra5 Rf5 61. Ra6+ Rf6 62.
Ra5 1/2-1/2

[Event "Late-Titled-Tuesday-Blitz-September-05-2023"]
[Site "Chess.com"]
[Date "2023.09.05"]
[Round "1"]
[White "KaydenTroffChess"]
[Black "Roedor"]
[Result "1-0"]
[WhiteElo "2782"]
[BlackElo "2424"]
[TimeControl "180+1"]
[EndTime "14:07:49 PDT"]
[Termination "KaydenTroffChess won on time"]

1. d4 Nf6 2. Nf3 g6 3. Bg5 Bg7 4. Nbd2 c5 5. Bxf6 Bxf6 6. Ne4 Qb6 7. Nxf6+ Qxf6 8. e3 cxd4 9. Qxd4 Qxd4 10. exd4 b6 11. Kd2 Bb7 12. Ne5 f6 13. Nd3 d6 14.
Re1 Nc6 15. c3 e5 16. f4 O-O-O 17. d5 Ne7 18. c4 Nf5 19. g3 Nd4 20. Bh3+ Kb8 21.
Rhf1 b5 22. b3 Bc8 23. Bxc8 Rxc8 24. fxe5 fxe5 25. c5 dxc5 26. Rxe5 c4 27. bxc4 bxc4 28. Nb4 Rhf8 29. Rxf8 Rxf8 30. Kc3 Nb5+ 31. Kxc4 Nd6+ 32. Kc5 Nb7+ 33. Kb5 Rf7 34. Na6+ Kc8 35. Kc6 Nd8+ 36. Kd6 Rf6+ 37. Re6 Nxe6 38. dxe6 Rf1 39. e7 Rd1+ 40. Kc6 Re1 41. Kd6 Rd1+ 42. Ke6 Re1+ 43. Kf7 Rf1+ 44.
Ke8 Kb7 45. Nc5+ Kc6 46. Nd7 Re1 47. Kd8 1-0

[Event "Late-Titled-Tuesday-Blitz-September-05-2023"]
[Site "Chess.com"]
[Date "2023.09.05"]
[Round "1"]
[White "CrushingKings"]
[Black "copanchess"]
[Result "1/2-1/2"]
[WhiteElo "2527"]
[BlackElo "2160"]
[TimeControl "180+1"]
[EndTime "14:07:49 PDT"]
[Termination "Game drawn - insufficient material"]

1. Nf3 d5 2. g3 g6 3. Bg2 Bg7 4. d4 Nf6 5. O-O O-O 6. c4 dxc4 7. Na3 c3 8. bxc3 c5 9. Bb2 Nc6 10. Nc4 Be6 11. Ne3 Nd5 12. Nxd5 Bxd5 13. Re1 f5 14. e3 c4 15. a4 Na5 16. Ba3 Nb3 17. Ra2 Qd7 18. Nd2 Bxg2 19. Kxg2 Qxa4 20. Kg1 Rfe8 21. Qc2 Qc6 22. Nxb3 cxb3 23. Qxb3+ Kh8 24.
Rb1 Rac8 25. Qxb7 Qxc3 26. Bxe7 Rc7 27. Qd5 Rcxe7 28. Rb3 Qe1+ 29. Kg2 Qd1 30. Rba3 h5 31. h4 Qg4 32. Rxa7 Rxa7 33. Rxa7 Qe4+ 34. Qxe4 fxe4 35.
Ra6 Kh7 36. Kf1 Rc8 37. Re6 Rc1+ 38. Kg2 Rc2 39. Rxe4 Bh6 40. Kf3 Ra2 41. Re7+ Bg7 42. Rf7 Kg8 43. Rf4 Ra1 44. Ke4 Ra2 45. Kd5 Rb2 46.
Kc4 Ra2 47. d5 Ra4+ 48. Kb5 Rxf4 49. gxf4 Kf8 50. Kc6 Ke8 51. e4 Kd8 52. e5 Bf8 53. d6 Bg7 54. Kd5 Kd7 55. e6+ Kd8 56. f5 gxf5 57. d7 Bf6 58. f3 Bxh4 59. Ke5 Be7 60. Kxf5 Kc7 61. Kf4 Kd6 62. Kg3 Kxe6 63. d8=Q Bxd8 64.
Kh3 h4 65. f4 Kf5 66. Kg2 Kxf4 67. Kh2 Kf3 68. Kh1 Kf2 69. Kh2 h3 70. Kh1 Be7 71.
Kh2 Bg5 72. Kxh3 1/2-1/2

[Event "Late-Titled-Tuesday-Blitz-September-05-2023"]
[Site "Chess.com"]
[Date "2023.09.05"]
[Round "1"]
[White "karinachess1"]
[Black "GAO"]
[Result "0-1"]
[WhiteElo "2564"]
[BlackElo "2301"]
[TimeControl "180+1"]
[EndTime "14:07:51 PDT"]
[Termination "GAO won by resignation"]

1. Nf3 Nf6 2. g3 g6 3. Bg2 Bg7 4. d4 O-O 5. c4 d6 6. Nc3 Nc6 7. O-O e5 8. dxe5 dxe5 9. Bg5 Be6 10. Qc1 Qe7 11. b3 Rad8 12. Qe3 h6 13. Bxf6 Qxf6 14. Rad1 Nd4 15. Nd2 c6 16. Nde4 Qe7 17. c5 b6 18.
b4 Nc2 19. Qc1 Nxb4 20. a3 Nd5 21. Nxd5 cxd5 22. Nd2 bxc5 23. e4 d4 24. Nc4 Rb8 25. f4 Bg4 26. Rde1 Rb3 27. Qd2 Rc3 28. Nb2 Rxa3 29. f5 gxf5 30. exf5 f6 31. Qc1 Bh5 32. Nd3 Rc3 33. Qd2 Qd6 34. Rc1 Rxc1 35. Rxc1 Bf7 36. Nxc5 Rc8 37. Ne4 Rxc1+ 38. Qxc1 Qb4 39. Qc8+ Kh7 40.
Qc1 Qc4 41. Qe1 d3 42. h4 Qd4+ 43. Kh2 Bd5 44. Nd2 a5 45. Bxd5 Qxd5 46. Qe3 a4 47. Qa7 Qd4 48. Kg2 Qxa7 0-1

[Event "Late-Titled-Tuesday-Blitz-September-05-2023"]
[Site "Chess.com"]
[Date "2023.09.05"]
[Round "1"]
[White "kikoveiga"]
[Black "nevermind242"]
[Result "1-0"]
[WhiteElo "2594"]
[BlackElo "2294"]
[TimeControl "180+1"]
[EndTime "14:07:56 PDT"]
[Termination "kikoveiga won by resignation"]

1. c4 c5 2. Nc3 g6 3. g3 Bg7 4. Bg2 Nc6 5. e4 Bxc3 6. bxc3 d6 7.
d4 cxd4 8. cxd4 Qa5+ 9. Bd2 Qa6 10. Ne2 Qxc4 11. Be3 Qb4+ 12. Bd2 Qb6 13. Rb1 Qa6 14. O-O Bg4 15. f3 Bd7 16. d5 Ne5 17.
Bc3 f6 18. Nd4 Rc8 19. Ba1 Nh6 20. Qd2 Nhf7 21. f4 Nc4 22. Qe2 O-O 23. Rfc1 b5 24.
h4 h5 25. f5 Nfe5 26. Kh1 Ng4 27. fxg6 Nce5 28. Nf5 Bxf5 29. exf5 Qa3 30. Bxe5 dxe5 31. Rxc8 Rxc8 32. Bf3 Rc3 33. Bxg4 hxg4 34. Qxb5 Rc8 35. Qb3 Qc5 36. d6+ Kg7 37. dxe7 Qxe7 38. Qb7 Rc7 39. Qe4 Qd7 40. Qxg4 Qd5+ 41. Kg1 Qc5+ 42. Kg2 Qd5+ 43. Kh3 Rc2 44. Rg1 Qd2 45. Qe4 Qh2+ 46. Kg4 Qe2+ 47.
Qxe2 Rxe2 48. h5 Re4+ 49. Kf3 Ra4 50. Rh1 Ra3+ 51. Kg4 Ra4+ 52. Kf3 Ra3+ 53. Ke4 Rxa2 54. Kd5 1-0

[Event "Late-Titled-Tuesday-Blitz-September-05-2023"]
[Site "Chess.com"]
[Date "2023.09.05"]
[Round "1"]
[White "colegiodemadrid"]
[Black "Murad_Ibrahimli"]
[Result "0-1"]
[WhiteElo "2468"]
[BlackElo "2914"]
[TimeControl "180+1"]
[EndTime "14:07:57 PDT"]
[Termination "Murad_Ibrahimli won by resignation"]

1. e4 e5 2. Nf3 Nc6 3. Bc4 Bc5 4. d4 exd4 5. c3 d3 6. O-O d6 7. b4 Bb6 8. a4 a6 9. a5 Ba7 10. Qb3 Qe7 11. Bg5 Nf6 12. Bxd3 h6 13.
Bh4 g5 14. Bg3 Nh5 15. Nbd2 O-O 16. Rae1 Nxg3 17. hxg3 Kg7 18. Nc4 Be6 19. Qc2 g4 20. Nh4 Qg5 21. Ne3 Bxe3 22. Rxe3 Ne5 23. Qe2 Rad8 24.
c4 c5 25. b5 Ra8 26. b6 Rad8 27. f4 gxf3 28. Nxf3 Qh5 29. Qb2 f6 30. Be2 Ng4 31.
Rc3 Rfe8 32. Nh4 Qe5 33. Qc2 Bd7 34. Bxg4 Bxg4 35. Rf4 Bd7 36. Rcf3 Rf8 37. Kh2 Rde8 38.
Qe2 Rf7 39. Re3 Kh7 40. Qf2 Rg8 41. Ref3 Rgf8 42. Qe3 Qg5 43. Qd2 Bg4 44. Rd3 Be6 45. Rxd6 Bxc4 46. Rd7 Rxd7 47. Qxd7+ Rf7 48. Qe8 Qe5 49.
Nf5 Qxe8 50. Rh4 Qf8 0-1

[Event "Late-Titled-Tuesday-Blitz-September-05-2023"]
[Site "Chess.com"]
[Date "2023.09.05"]
[Round "1"]
[White "TheMagician"]
[Black "Chessdreamer2020"]
[Result "1/2-1/2"]
[WhiteElo "2075"]
[BlackElo "2513"]
[TimeControl "180+1"]
[EndTime "14:07:58 PDT"]
[Termination "Game drawn by repetition"]

1. d4 d6 2. c4 e5 3. dxe5 dxe5 4. Qxd8+ Kxd8 5. Nc3 c6 6. Nf3 f6 7. Bd2 Be6 8. e3 Nd7 9. Rd1 Kc7 10. Be2 a5 11. h3 Nc5 12. Bc1 a4 13. Nd2 Nh6 14. O-O Nf5 15. Nde4 Nxe4 16. Nxe4 Nd6 17. Nxd6 Bxd6 18. Bd2 Rhd8 19. a3 Bf8 20. Bc3 Kb6 21. f3 Bc5 22.
Kf2 Kc7 23. g4 Bb6 24. Bb4 Ba5 25. Bxa5+ Rxa5 26. Rxd8 Kxd8 27. Rc1 Rc5 28. Ke1 Kc7 29. Kd2 h6 30. h4 Kb6 31. h5 Ra5 32. e4 Kc5 33. Kc3 Ra8 34. Rd1 Rc8 35. Rd2 Ra8 36.
Rd1 Rc8 37. Rd2 b5 38. cxb5 cxb5 39. Rd1 Kb6+ 40. Kd2 Bb3 41. Rc1 Rd8+ 42. Ke3 Be6 43. Rc3 Bb3 44. Rc1 Be6 45. Rc3 Rd6 46. Rc1 Rc6 47.
Rxc6+ Kxc6 48. Kd2 Kc5 49. Kc3 Ba2 50. Bd1 Bc4 51. Kd2 Kd4 52. Bc2 Bf1 53. Bd1 Bc4 54. Bc2 Ba2 55. Bd3 Bc4 56. Bc2 1/2-1/2

[Event "Late-Titled-Tuesday-Blitz-September-05-2023"]
[Site "Chess.com"]
[Date "2023.09.05"]
[Round "1"]
[White "Giantgoogachess"]
[Black "Rutricks"]
[Result "1/2-1/2"]
[WhiteElo "2377"]
[BlackElo "2666"]
[TimeControl "180+1"]
[EndTime "14:08:02 PDT"]
[Termination "Game drawn by repetition"]

1. d4 g6 2. e4 Bg7 3. Nc3 c6 4. f4 d5 5. e5 f6 6. Bd3 Nh6 7. h3 O-O 8. Nf3 fxe5 9. fxe5 Nf5 10. O-O c5 11. Bxf5 Bxf5 12. dxc5 e6 13. g4 Be4 14.
Nxe4 dxe4 15. Qxd8 Rxd8 16. Ng5 Bxe5 17. Nxe4 Na6 18.
c3 Rd3 19. Kg2 Rc8 20. Rf3 Rd1 21. Rf1 Rxf1 22. Kxf1 Nxc5 23. Nxc5 Rxc5 24. a4 a6 25. Be3 Rc4 26. Ke2 Kf7 27. Kd3 Rc7 28. Re1 Rd7+ 29.
Kc2 Bg7 30. Bf4 Rd5 31. Rd1 Bf6 32. Rxd5 exd5 33. Kd3 Ke6 34. b3 Bd8 35. Bg3 Bb6 36. Bf4 h5 37. c4 Bc5 38. Bg3 Be7 39. Bf4 Bf6 40. Bg3 Bb2 41. Bf4 Bg7 42. Bg3 Ba1 43.
Bf4 Bf6 44. Bg3 Be5 45. cxd5+ Kxd5 46. Bf2 Bb2 47. Bg3 Be5 48. Bf2 Bf4 49. Bd4 Bd6 50. Bf2 Bb4 51. Bg3 Bc5 52. Bf4 Bd4 53. Bg3 Bf6 54. Bf4 Bh4 55. Bh2 Bf2 56. Bf4 b6 57.
Bc7 Kc5 58. Bd8 Kb4 59. Kc2 Kc5 60. Kd3 Kd5 61. Bc7 Bc5 62. Bf4 Bg1 63. Bc7 Bf2 64. Bf4 Kc5 65. Kc3 Be1+ 66. Kd3 Bf2 67. Be5 Bg1 68.
Bf4 Kd5 69. Bc7 Kc6 70. Bf4 Kc5 71. Be5 Bf2 72. Bf4 Kd5 73. Bc7 1/2-1/2

[Event "Late-Titled-Tuesday-Blitz-September-05-2023"]
[Site "Chess.com"]
[Date "2023.09.05"]
[Round "1"]
[White "ErikRonka"]
[Black "tptagain"]
[Result "0-1"]
[WhiteElo "2488"]
[BlackElo "2989"]
[TimeControl "180+1"]
[EndTime "14:08:03 PDT"]
[Termination "tptagain won by resignation"]

1. e4 c6 2. d4 d5 3. Nd2 g6 4. Ngf3 Bg7 5. c3 Nh6 6. Bd3 O-O 7. O-O f6 8. h4 Nf7 9. h5 g5 10. Re1 e6 11. Qc2 h6 12. exd5 cxd5 13. Nb3 b6 14. Bd2 Nc6 15. Rad1 Bd7 16. Bc1 Rc8 17. Qe2 f5 18. Na1 g4 19. Nh2 Qh4 20. f3 gxf3 21. Qxf3 Ng5 22. Qf4 Qxh5 23. Nc2 Rce8 24. Nf3 Bf6 25. Ne5 Nxe5 26. dxe5 Be7 27. Nd4 Kh8 28. Rf1 Rf7 29. Qh2 Qxh2+ 30. Kxh2 Rg7 31. Bf4 Reg8 32. Rf2 Bc5 33. b4 Be7 34. Bxg5 Rxg5 35. Rdf1 Rc8 36.
Rc2 Bf8 37. g3 Bg7 38. Re1 Rg4 39. Nf3 Ba4 40. Rcc1 Kg8 41. Nd4 Bd7 42. Be2 Re4 43. Bf3 Rxe1 44. Rxe1 Rxc3 45. Bh5 Rc4 46. Nf3 Rxb4 47.
Rc1 Rc4 48. Rd1 b5 49. Bg6 b4 50. Bh5 a5 51. Kh3 a4 52. g4 fxg4+ 53. Bxg4 b3 54. axb3 axb3 55. Rf1 b2 56. Nh4 Rc1 0-1

[Event "Late-Titled-Tuesday-Blitz-September-05-2023"]
[Site "Chess.com"]
[Date "2023.09.05"]
[Round "1"]
[White "Smiechu"]
[Black "SaqoChess_Twitch"]
[Result "0-1"]
[WhiteElo "2409"]
[BlackElo "2738"]
[TimeControl "180+1"]
[EndTime "14:08:05 PDT"]
[Termination "SaqoChess_Twitch won on time"]

1. e4 c5 2. Nf3 d6 3. d4 cxd4 4. Nxd4 Nf6 5. Nc3 g6 6. Be3 Bg7 7. f3 O-O 8. Qd2 Nc6 9. Bc4 Bd7 10.
h4 Rc8 11. Bb3 h5 12. O-O-O Ne5 13. Bg5 Rc5 14. Kb1 b5 15. g4 hxg4 16. h5 Nxh5 17. Rxh5 gxh5 18. Nd5 Rxd5 19. Bxd5 Ng6 20. Qh2 h4 21. Nf5 g3 22. Qh1 Bf6 23. Nxh4 e6 24. Nxg6 fxg6 25. Qh6 Qe8 26. Bb3 Bg7 27. Qh1 Qf7 28.
f4 a5 29. a3 a4 30. Ba2 d5 31.
Qg2 dxe4 32. Qxg3 Bc6 33. Qh3 Bd5 34. Rh1 Re8 35. Rd1 Bxa2+ 36. Kxa2 e5+ 37. Kb1 exf4 38. Rd7 Qe6 39. Rxg7+ Kxg7 40. Qh6+ Kg8 41. Bxf4 e3 42. Bxe3 Qxe3 43. Qxg6+ Kh8 44. Qf6+ Kh7 45. Qf7+ Kh6 46. Qf6+ Kh5 47. Qf5+ Kh4 48. Qf6+ Kg3 49. Qg6+ Kf2 50. Qf5+ Ke1 51. Qxb5 Re4 52. Qb7 Qe2 0-1

[Event "Late-Titled-Tuesday-Blitz-September-05-2023"]
[Site "Chess.com"]
[Date "2023.09.05"]
[Round "1"]
[White "bascheyaro"]
[Black "geordie_derraugh"]
[Result "1/2-1/2"]
[WhiteElo "2802"]
[BlackElo "2443"]
[TimeControl "180+1"]
[EndTime "14:08:07 PDT"]
[Termination "Game drawn by repetition"]

1. d4 Nf6 2. Nf3 g6 3. Bf4 Bg7 4. Nbd2 d5 5. e3 O-O 6. Be2 c5 7. O-O Nc6 8. c3 cxd4 9. exd4 Bf5 10. Re1 Re8 11. Ne5 Ne4 12. Nxe4 Bxe4 13. f3 Bf5 14. Bb5 Qb6 15. Qb3 Nxe5 16. Bxe5 Bc2 17. Qxd5 Red8 18. Qc4 a6 19. Bxg7 Kxg7 20. Qe2 Bf5 21. Bc4 Re8 22. Qf2 Rac8 23. Bb3 Qd6 24. Re5 b5 25. Rae1 Bd7 26.
Qe3 e6 27. h4 h5 28. a3 a5 29.
Rc5 b4 30. axb4 axb4 31. cxb4 Rb8 32. Qc3 Kg8 33. Bc4 Qe7 34. Bd3 Qxh4 35. b5 Red8 36. Rd1 Be8 37. Bf1 Qf4 38. Kf2 h4 39. Qe3 Qg3+ 40.
Kg1 Qd6 41. b4 Rb7 42. Qg5 Rdb8 43. Rd2 Qg3 44. Qxg3 hxg3 45. d5 Bxb5 46. Bxb5 Rxb5 47. Rxb5 Rxb5 48. d6 Rxb4 49. Kf1 Rb8 50. Ke2 Rd8 51.
f4 f6 52. Kf3 Kf7 53. Kxg3 e5 54. fxe5 fxe5 55. Kg4 Ke6 56. Kg5 Rxd6 57. Rf2 Kd5 58.
Rd2+ Ke6 59. Rf2 Kd5 60. Rd2+ Ke6 1/2-1/2

[Event "Late-Titled-Tuesday-Blitz-September-05-2023"]
[Site "Chess.com"]
[Date "2023.09.05"]
[Round "1"]
[White "IMRosen"]
[Black "FredddieCroderg"]
[Result "1-0"]
[WhiteElo "2602"]
[BlackElo "2301"]
[TimeControl "180+1"]
[EndTime "14:08:07 PDT"]
[Termination "IMRosen won by checkmate"]

1. e3 g6 2. Ne2 Bg7 3. d3 b6 4. Nd2 Bb7 5. Nb3 c5 6. Ng3 h5 7. h4 d5 8. Be2 Nc6 9. Bd2 e5 10. e4 d4 11. a3 Bf6 12. Nf1 Bxh4 13. g3 Bf6 14. Nh2 Nge7 15. Qc1 Qd6 16. Bg5 O-O-O 17. Nf3 Kc7 18. Nbd2 Bxg5 19. Nxg5 Rdf8 20. Nc4 Qd7 21. Bf1 b5 22. Bh3 Qd8 23. Nd2 Bc8 24. a4 a6 25.
axb5 axb5 26. Ra8 Kb7 27. Qa1 Qb6 28. Bxc8+ Nxc8 29. Rxc8 Rxc8 30. Nxf7 Ra8 31. Qd1 Rhf8 32. Ng5 Qa5 33. Ne6 Rf6 34. Nxc5+ Kb6 35. Nb3 Qb4 36. O-O Raf8 37. c4 dxc3 38. bxc3 Qxc3 39. Qe2 Nd4 40. Nxd4 Qxd4 41. Nb3 Qd6 42. Qe3+ Kb7 43. Nc5+ Kc8 44. Rc1 Kb8 45. Rb1 Qc6 46. Rb2 Rf3 47. Qc1 Rc8 48.
Rc2 Rf6 49. Qb2 Rd6 50. Qxe5 Ka7 51. d4 Kb6 52. Ra2 Rb8 53. Ra6+ Kc7 54. Rxc6+ Kxc6 55. Qe7 Rbd8 56. Ne6 Kb6 57. Qc7+ Ka6 58. Nc5# 1-0

[Event "Late-Titled-Tuesday-Blitz-September-05-2023"]
[Site "Chess.com"]
[Date "2023.09.05"]
[Round "1"]
[White "Karacsonyi_Gellert"]
[Black "DTChess"]
[Result "0-1"]
[WhiteElo "2786"]
[BlackElo "2441"]
[TimeControl "180+1"]
[EndTime "14:08:13 PDT"]
[Termination "DTChess won by checkmate"]

1. e4 e5 2. Nf3 Nc6 3. Bb5 a6 4. Bxc6 dxc6 5. O-O f6 6. d4 exd4 7. Nxd4 Bd6 8. Be3 Ne7 9. Nd2 O-O 10. Nc4 Qe8 11.
Qe2 Qg6 12. f3 Bd7 13. Nxd6 cxd6 14. Rad1 d5 15. Bf4 Rae8 16. Nb3 Bc8 17. Bd6 dxe4 18. Qxe4 Qxe4 19. fxe4 Rf7 20. e5 Ng6 21. exf6 gxf6 22.
Rfe1 Rxe1+ 23. Rxe1 Bf5 24. c3 Rd7 25. Bg3 Kf7 26.
Nd4 Bd3 27. Re3 Bc4 28. b3 Bd5 29. Nf5 c5 30. Nd6+ Kg7 31. Ne8+ Kf7 32. h4 h5 33.
Nd6+ Kg7 34. Nf5+ Kf7 35. Kf2 Bc6 36. Nd6+ Kg7 37. c4 Ne7 38. Bf4 Ng6 39. Nf5+ Kf7 40. Kg3 b5 41. Nd6+ Kg7 42. Nf5+ Kf7 43. Bd6 bxc4 44. bxc4 Rb7 45. Re2 Rb4 46. Bxc5 Rb1 47.
Nd6+ Kg7 48. Bd4 Rd1 49. Nf5+ Kf7 50. Rf2 Rd3+ 51. Kh2 Ke6 52. Bb2 Ne5 53. Ng7+ Ke7 54. Bxe5 fxe5 55. Nxh5 Rd4 56. g3 Rxc4 57. Ng7 Kd6 58.
Nf5+ Ke6 59. Ne3 Rc1 60. Rc2 Rh1# 0-1

[Event "Late-Titled-Tuesday-Blitz-September-05-2023"]
[Site "Chess.com"]
[Date "2023.09.05"]
[Round "1"]
[White "YEIKO2017"]
[Black "Fonsofan"]
[Result "1/2-1/2"]
[WhiteElo "2419"]
[BlackElo "2737"]
[TimeControl "180+1"]
[EndTime "14:08:13 PDT"]
[Termination "Game drawn - insufficient material"]

1. e4 c5 2. Nf3 Nc6 3. Bb5 Nf6 4. Nc3 g6 5. e5 Ng4 6. Bxc6 dxc6 7. h3 Nh6 8. g4 Bg7 9. d3 O-O 10. Bf4 f6 11.
Qd2 Nf7 12. O-O-O Be6 13. Kb1 Bd5 14. Nxd5 Qxd5 15. exf6 exf6 16. Qe2 Rae8 17. Be3 f5 18. gxf5 Qxf5 19. Nd2 Qf6 20. c3 Nd6 21. Qg4 b6 22. Ne4 Nxe4 23. dxe4 Qf3 24. Qxf3 Rxf3 25. Rd7 Rf7 26.
Rxf7 Kxf7 27. f3 Ke6 28. Rd1 Rf8 29. Rf1 c4 30. Kc2 Ke7 31. Kd2 Ra8 32. Ke2 b5 33. Bc5+ Ke8 34. f4 a5 35. e5 Rd8 36. Kf3 Kf7 37. Ke4 Rd2 38. Rf2 Rxf2 39. Bxf2 Ke6 40. Bb6 a4 41. Be3 Bf8 42. Bf2 a3 43. bxa3 Bxa3 44. Kd4 Be7 45. a4 bxa4 46. Kxc4 a3 47. Kb3 Kd5 48. Be3 Ke4 49. Bc1 h6 50. Bxa3 c5 51. Kc4 Kxf4 52. Bxc5 Bxc5 53. Kxc5 Kxe5 54. Kb5 g5 55. c4 Kd6 56. Kb6 Kd7 57. Kb7 Kd6 58.
Kb6 Kd7 59. c5 Kc8 60. Kc6 h5 61. Kd5 g4 62. hxg4 hxg4 63. Ke4 Kc7 64. Kf4 Kc6 65. Kxg4 Kxc5 1/2-1/2